 Dungeon Crawl Stone Soup version 0.26-a0-597-gb535b0901c (webtiles) character file.

Game seed: 17957957956850271861

(classic levelgen) 761 EnegeticOcto the Chopper (level 7, 57/66 HPs)
             Began as a Deep Dwarf Fighter on Aug 27, 2020.
             Quit the game in the Ecumenical Temple.
             The game lasted 00:02:01 (2034 turns).

EnegeticOcto the Chopper (Deep Dwarf Fighter)       Turns: 2034, Time: 00:02:02

Health: 57/66      AC: 13    Str: 21    XL:     7   Next: 51%
Magic:  5/5        EV:  5    Int:  9    God:
Gold:   136        SH: 10    Dex: 12    Spells: 6/6 levels left

rFire    . . .     SeeInvis .   a - +0 war axe
rCold    . . .     Faith    .   c - +0 kite shield
rNeg     . . .     Spirit   .   q - +0 chain mail
rPois    +         Reflect  .   j - +2 helmet
rElec    .         Harm     .   (no cloak)
rCorr    .                      (no gloves)
MR       +....                  (no boots)
Stlth    ..........             (no amulet)
HPRegen  0.00/turn              l - ring of poison resistance
MPRegen  0.09/turn              (no ring)

@: non-regenerating
A: damage resistance, heal wounds, sense surroundings 1, no regeneration
a: Heal Wounds


You were in the Ecumenical Temple.
You visited 2 branches of the dungeon, and saw 8 of its levels.

You collected 181 gold pieces.
You spent 45 gold pieces at shops.

Inventory:

Hand Weapons
 a - a +0 war axe (weapon)
Missiles
 g - a throwing net (quivered)
Armour
 c - a +0 kite shield (worn)
 j - a +2 helmet (worn)
 q - a +0 chain mail (worn)
Jewellery
 l - a ring of poison resistance (left hand)
 n - an uncursed ring of see invisible {unknown}
Scrolls
 f - 2 scrolls of remove curse {@r2}
 i - a scroll of magic mapping {@r5}
 k - a scroll of blinking
Potions
 b - a potion of flight {unknown}
 d - a potion of might {@q3}
 e - a potion of curing {unknown}
 h - a potion of magic {unknown}
 m - a potion of brilliance {unknown}
 o - a potion of heal wounds {unknown}
 p - a potion of lignification {unknown}


   Skills:
 + Level 4.3 Fighting
 * Level 6.2 Axes
 + Level 5.2 Armour
 + Level 5.2 Shields


You had 6 spell levels left.
You didn't know any spells.
Your spell library was empty.

Dungeon Overview and Level Annotations

Branches:
Dungeon (7/15)             Temple (1/1) D:6

Altars:
Ashenzari
Cheibriados
Dithmenos
Fedhas
Nemelex Xobeh
Okawaru
Ru
Trog
Uskayaw
Vehumet
Wu Jian
Xom
Yredelemnul
Zin
The Shining One

Shops:
D:6 *


Innate Abilities, Weirdness & Mutations

You are resistant to damage.
You can heal yourself by infusing magical energy.
You passively map a small area around you.
You do not regenerate.


Message History

The orc wizard points at you and mumbles some strange words.
The magic dart hits you but does no damage.
You miss the orc.
The orc is lightly wounded.
You miss the orc wizard. The orc hits you.
The orc wizard hits you but does no damage.
You hit the orc.
You kill the orc!
You miss the orc wizard.
You feel less confused. You block the orc wizard's attack.
The orc wizard barely misses you.
Items here: ) [ †††.
You completely miss the orc wizard.
The orc wizard is heavily wounded.
The orc wizard hits you but does no damage.
You slash the orc wizard!
You kill the orc wizard!
No target in view!
No target in view!
No target in view!
No target in view!
No target in view!
No target in view!
No target in view!
No target in view!
Items here: )) [ ††.
Items here: ) [ †††.
Items here: ) [ †††.
Items here: )) [ ††.
You open the door.
There is an open door here.
You open the door.
There is an open door here.
Found 7 stones.
Found a stone staircase leading down.
There is an open door here.
There is an open door here.
Things that are here:
a +0 giant spiked club; an ogre skeleton
There is an escape hatch in the floor here.
You open the door.
There is an open door here.
You open the door.
There is an open door here.
Done exploring.
Done exploring.
Done exploring.
Done exploring.
Done exploring.
Done exploring.
Done exploring.
No target in view!
(D) Dungeon (T) Temple
Where to? (Enter - D:6, ? - help)
There is a stone staircase leading down here.
You climb downwards.
An orc and an orc warrior come into view.
The orc warrior shouts!
The orc shouts!
Something shouts, "Scamper home, thou pox-marked doghearted apple-john!"
You hear a shout!
Found a scroll of fear and a scroll labeled HOYNLILI ODDE.
There is a stone staircase leading up here.
(D) Dungeon (T) Temple
Where to? (Enter - D:7, ? - help)
Okay, then.
You climb upwards.
There is a stone staircase leading down here.
(D) Dungeon (T) Temple
Where to? (Enter - D:7, ? - help) As you open the door, it creaks loudly!
There is an open door here.
As you open the door, it creaks loudly!
There is an open door here.
There is a staircase to the Ecumenical Temple here.
You climb downwards.
Welcome to the Ecumenical Temple!
There is a staircase back to the Dungeon here.
Found a hide-covered altar of Uskayaw and a basalt altar of Yredelemnul.
Found a sacrificial altar of Ru.
You open the door.
Found an iron altar of Okawaru.
There is an open door here.
Found a radiant altar of Vehumet and a bloodstained altar of Trog.
As you open the door, it creaks loudly!
Found a glowing golden altar of the Shining One.
There is an open door here.
Found a sparkling altar of Nemelex Xobeh.
There is an open door here.
Found an ornate altar of the Wu Jian Council.
You open the door.
There is an open door here.
Found a snail-covered altar of Cheibriados and a glowing silver altar of Zin.
You open the door.
Found a shattered altar of Ashenzari.
There is an open door here.
Found a blossoming altar of Fedhas.
Done exploring.
Done exploring.
Search for what [Enter for "cha", or ? for help]? mak Can't find anything matching that.
Are you sure you want to abandon this character and quit the game? (Confirm with "yes".)

####################
#...#...#...#...#...
#._.#._.#._.#._.#._.
#...#...#...#...#...
##+###+###+###+###+#
#...........#...#...
#...........'...'...
#..@........#...#...
##+###'###+##...##+#
#...#...#...#...#...
#._.#._.#._.#.<.#._.
#...#...#...#...#...
####################


There were no monsters in sight!

Vanquished Creatures
  A phantom (D:6)
  2 ogres
  A scorpion (D:6)
  2 hounds
  3 orc wizards
  7 worker ants
  Robin (D:3)
  4 adders
  A white imp (D:6)
  An ufetubus (D:5)
  An ooze (D:5)
  An adder skeleton (D:6)
  A worm (D:4)
  2 dart slugs (D:1)
  2 leopard geckos
  15 orcs
  4 ball pythons
  3 giant cockroaches
  10 goblins
  4 hobgoblins
  2 jackals (D:5)
  A kobold (D:2)
  2 quokkas
  2 bats
  A leopard gecko skeleton (D:4)
  A rat (D:1)
75 creatures vanquished.

Notes
Turn   | Place    | Note
-------+----------+-------------------------------------------
     0 | D:1      | EnegeticOcto the Deep Dwarf Fighter began the quest for the
                  | Orb.
     0 | D:1      | Reached XP level 1. HP: 20/20 MP: 1/1
    97 | D:1      | Reached XP level 2. HP: 27/27 MP: 2/2
   176 | D:2      | Found a shimmering altar of Xom.
   254 | D:3      | Noticed Robin
   262 | D:3      | Reached skill level 3 in Axes
   262 | D:3      | Reached XP level 3. HP: 22/34 MP: 3/3
   270 | D:3      | Killed Robin
   381 | D:4      | Reached XP level 4. HP: 25/42 MP: 4/4
   408 | D:4      | Noticed an ogre
   418 | D:4      | Killed an ogre
   418 | D:4      | Reached skill level 4 in Axes
   418 | D:4      | Reached XP level 5. HP: 33/49 MP: 5/5
   940 | D:4      | Reached XP level 6. HP: 38/57 MP: 6/6
  1103 | D:5      | Entered Level 5 of the Dungeon
  1288 | D:5      | Reached skill level 5 in Axes
  1533 | D:6      | Found a shadowy altar of Dithmenos.
  1565 | D:6      | Reached XP level 7. HP: 40/64 MP: 5/5
  1608 | D:6      | Found a staircase to the Ecumenical Temple.
  1635 | D:6      | Reached skill level 5 in Armour
  1635 | D:6      | Reached skill level 5 in Shields
  1699 | D:6      | Reached skill level 6 in Axes
  1739 | D:6      | Found Irysehed's General Store.
  1750 | D:6      | Bought a scroll of magic mapping for 45 gold pieces
  1994 | Temple   | Entered the Ecumenical Temple
  2034 | Temple   | Quit the game

Illustrated notes

Levels and vault maps discovered:
D:1:      nicolae_arrival_somewhat_less_tricky_arrival, layout_rooms,
          minmay_misc_feat_chi, minmay_door_square, st_stairs_13
D:2:      layout_basic, marbit_many_paths, xom_teletrap_fun
D:3:      layout_basic, chequers_ecumenical_altar_grove,
          chequers_serial_rivers_room_a, uniq_sigmund, uniq_robin
D:4:      layout_basic
D:5:      layout_rooms, kennysheep_generic_room_12
D:6:      layout_gridville, old_standard_altar,
          minmay_temple_entry_glassed_door, serial_shops, shop
D:7:      layout_loops_cross, hellmonk_ghost_happy_afterlife
Temple:   nicolae_temple_god_jail

Skill      XL: |  1  2  3  4  5  6  7 |
---------------+----------------------+-----
Axes           | 3 4 5 6 |  6.2
Fighting       | 3 4 |  4.3
Armour         | 4 5 |  5.2
Shields        | 4 5 |  5.2

Action                   |  1- 3 |  4- 6 |  7- 9 || total
-------------------------+-------+-------+-------++-------
Melee: War axe           |    69 |   138 |    40 ||   247
 Abil: Heal Wounds       |     2 |     4 |     1 ||     7
  Use: Scroll            |       |    10 |       ||    10
Armor: Scale mail        |    51 |    21 |       ||    72
       Chain mail        |       |    38 |    29 ||    67
Dodge: Dodged            |    29 |    35 |     9 ||    73
Block: Kite shield       |    53 |    78 |    17 ||   148

Table legend: (Time is in decaauts)
 A = Elapsed time spent in this place.
 B = Non-inter-level travel time spent in this place.
 C = Inter-level travel time spent in this place.
 D = Time resting spent in this place.
 E = Time spent auto-exploring this place.
 F = Levels seen in this place.
 G = Mean time per level.
                   A        B        C        D        E       F      G
               +--------+--------+--------+--------+--------+-----+--------+
         Total |   2118 |   1995 |    123 |      0 |   1462 |   8 |  264.8 |
       Dungeon |   2078 |   1956 |    122 |      0 |   1423 |   7 |  296.9 |
        Temple |     39 |     39 |      0 |      0 |     39 |   1 |   39.0 |
               +--------+--------+--------+--------+--------+-----+--------+

Top non-repeatable levels by time:
     D:4: 786 daAuts
     D:6: 478 daAuts
     D:5: 446 daAuts
     D:2: 132 daAuts
     D:3: 120 daAuts
     D:1: 112 daAuts
  Temple: 39 daAuts
     D:7: 1 daAuts
